 Dungeon Crawl Stone Soup version 0.23-a0-171-g5ae17c6 (webtiles) character file.

58 Vylera the Insei (level 4, -3/28 HPs)
             Began as an Octopode Transmuter on Sept 14, 2018.
             Slain by a goblin
             ... wielding a +0 club
             ... led by Robin
              (4 damage)
             ... on level 1 of the Dungeon.
             The game lasted 00:02:55 (1546 turns).

Vylera the Insei (Octopode Transmuter)              Turns: 1546, Time: 00:02:56

Health: -3/28      AC:  2    Str:  9    XL:     4   Next: 2%
Magic:  4/7        EV: 19    Int: 16    God:
Gold:   66         SH:  0    Dex: 17    Spells: 1/7 levels left

rFire    . . .     SeeInvis .     - Unarmed
rCold    . . .     Gourm    .   (shield currently unavailable)
rNeg     . . .     Faith    .   (helmet currently unavailable)
rPois    x         Spirit   .   (no amulet)
rElec    .         Reflect  .   (no ring)
rCorr    .         Harm     .   (no ring)
MR       .....                  (no ring)
Stlth    ++........             (no ring)
HPRegen  0.09/turn              (no ring)
MPRegen  0.10/turn              (no ring)
                                (no ring)
                                (no ring)

@: spider-form
A: tiny, almost no armour, stealthy swim, (amphibious), 8 rings, (constrict 8)
a: End Transformation


You were on level 1 of the Dungeon.
You were not hungry.
You were a venomous arachnid creature.
You visited 1 branch of the dungeon, and saw 2 of its levels.

You collected 66 gold pieces.

Inventory:

Missiles
 a - 12 arrows
Scrolls
 d - a scroll of enchant armour {unknown}
 e - 4 scrolls of teleportation {unknown}
 f - a scroll of identify {unknown}
Comestibles
 b - a chunk of flesh
 c - 4 rations


   Skills:
 - Level 1.0 Fighting
 - Level 2.0 Dodging
 + Level 0.9 Stealth
 * Level 4.4 Unarmed Combat
 - Level 2.0 Spellcasting
 * Level 2.5 Transmutations


You had one spell level left.
You knew the following spells:

 Your Spells              Type           Power        Failure   Level  Hunger
a - Beastly Appendage     Tmut           #.....       21%         1    #......
b - Sticks to Snakes      Tmut           #.......     26%         2    ###....
c - Spider Form           Tmut/Pois      #.........   58%         3    ###....

Your spell library contained the following spells:

 Spells                   Type           Power        Failure   Level  Hunger
 Ice Form                 Ice/Tmut       #.......     90%         4    #####..
 Blade Hands              Tmut           #.........   97%         5    ######.


Dungeon Overview and Level Annotations

Branches:
Dungeon (2/15)

Altars:

Annotations:
D:2 Robin


Innate Abilities, Weirdness & Mutations

You cannot wear most types of armour.
You are very stealthy in the water. (Stealth+)
((You are amphibious.))
You can wear up to eight rings at the same time.
((You can use your tentacles to constrict eight enemies at once.))
((Your skin changes colour to match your surroundings (Stealth+).))
((Your rubbery body absorbs attacks. (AC +1, EV +1)))


Message History

You climb upwards.
There is a stone staircase leading down here.
Casting: Beastly Appendage (safe; 8% risk of failure)
Confirm with . or Enter, or press ? or * to list all spells.
You turn into a venomous arachnid creature.
The leopard gecko bites you.
* * * LOW HITPOINT WARNING * * *
The goblin closely misses you. x2; The hobgoblin barely misses you.
The leopard gecko bites you but does no damage.
You bite the hobgoblin!
You kill the hobgoblin!
The goblin closely misses you. The goblin misses you.
The leopard gecko bites you.
* * * LOW HITPOINT WARNING * * *
The hobgoblin hits you but does no damage.
Unknown command.
You hit the hobgoblin.
The hobgoblin is poisoned.
The hobgoblin is heavily wounded.
The goblin hits you with a club.
You die...

##.##..........#
#.#
#..#..........#
#.##
##.##.#.......#
#...
#..#.#########
#### ##.#.#
###### #..s#
#..... ##gg#
#.####
#gg###########.#
#lsg...........#
################


You could see a leopard gecko, a giant cockroach, a hobgoblin and 4 goblins.

Vanquished Creatures
  An adder (D:1)
  2 oozes (D:1)
  2 dart slugs (D:1)
  A leopard gecko (D:1)
  2 bats (D:1)
  3 giant cockroaches (D:1)
  8 goblins (D:1)
  5 hobgoblins (D:1)
  3 jackals (D:1)
  2 frilled lizards (D:1)
  A kobold (D:1)
  3 rats (D:1)
33 creatures vanquished.

Notes
Turn   | Place    | Note
-------+----------+-------------------------------------------
     0 | D:1      | Vylera the Octopode Transmuter began the quest for the Orb.
     0 | D:1      | Reached XP level 1. HP: 13/13 MP: 3/3
    26 | D:1      | Reached XP level 2. HP: 16/18 MP: 3/5
   586 | D:1      | Reached XP level 3. HP: 23/23 MP: 4/6
   986 | D:1      | Reached skill level 4 in Unarmed Combat
  1273 | D:2      | Noticed Robin
  1418 | D:1      | Learned a level 2 spell: Sticks to Snakes
  1422 | D:1      | Learned a level 3 spell: Spider Form
  1467 | D:1      | Reached XP level 4. HP: 21/28 MP: 7/7
  1545 | D:1      | HP: 1/28 [leopard gecko (4)]
  1546 | D:1      | Slain by a goblin

Vault maps used:
D:1:      lemuel_arrival_behind_the_door_small, grunt_decor_one_mirror,
          minivault_25
D:2:      first_ration, xom_teletrap_fun, uniq_terence, uniq_crazy_yiuf_cottage,
          uniq_robin, uniq_sigmund

Skill      XL: |  1  2  3 |
---------------+----------+-----
Unarmed Combat | 4 |  4.4
Fighting       | |  1.0
Dodging        | |  2.0
Stealth        | |  0.9
Spellcasting   | |  2.0
Transmutations | |  2.5

Action                   |  1- 3 |  4- 6 || total
-------------------------+-------+-------++-------
Melee: Unarmed           |    75 |     2 ||    77
       Kick              |    16 |       ||    16
       Constrict         |    21 |       ||    21
       Tentacles         |     9 |       ||     9
       Punch             |     3 |       ||     3
 Cast: Beastly Appendage |    18 |       ||    18
       Spider Form       |       |     1 ||     1
 Stab: Sleeping          |     4 |       ||     4
  Eat: Chunk             |     2 |       ||     2
Armor: Skin              |     8 |     4 ||    12
Dodge: Dodged            |    57 |    13 ||    70

Table legend:
 A = Non-vault XP
 B = Vault XP
 C = Vault XP percentage of total XP
 D = Non-vault monster count
 E = Vault monster count
 F = Vault count percentage of total count
                 A         B        C        D         E       F
            +---------+---------+-------+---------+---------+-------
      Total |      74 |      10 |  11.9 |      28 |       5 |  15.2
            +---------+---------+-------+---------+---------+-------
        D:1 |      74 |      10 |  11.9 |      28 |       5 |  15.2
            +---------+---------+-------+---------+---------+-------
